 Dungeon Crawl Stone Soup version 0.28.0-53-g5a82cb258f (webtiles) character file.

Game seed: 15769200380813930759

244 protoss039 the Digger (level 5, -8/41 HPs)
             Began as a Demonspawn Earth Elementalist on June 16, 2022.
             Mangled by an iguana (10 damage)
             ... on level 4 of the Dungeon.
             The game lasted 00:04:47 (4546 turns).

protoss039 the Digger (DsEE)                        Turns: 4546, Time: 00:04:47

Health: -8/41      AC:  5    Str:  9    XL:     5   Next: 83%
Magic:  0/9        EV: 12    Int: 18    God:
Gold:   218        SH:  0    Dex: 13    Spells: 3/9 levels left

rFire   . . .      SeeInvis .   m - +3 dagger
rCold   . . .      Faith    .   (no shield)
rNeg    . . .      Spirit   .   b - +0 robe
rPois   .          Reflect  .   (no helmet)
rElec   .          Harm     .   (no cloak)
rCorr   .          Rampage  .   i - +2 pair of gloves {infuse}
Will    .....                   (boots unavailable)
Stlth   ++........              (no amulet)
HPRegen 0.13/turn               (no ring)
MPRegen 0.11/turn               (no ring)

@: no status effects
A: hooves 3
a: no special abilities


You were on level 4 of the Dungeon.
You visited 1 branch of the dungeon, and saw 4 of its levels.

You collected 218 gold pieces.

Inventory:

Hand Weapons
 m - a +3 dagger (weapon)
Missiles
 c - 164 stones
Armour
 b - a +0 robe (worn)
 i - a +2 pair of gloves of infusion (worn)
Scrolls
 a - a scroll of enchant armour {unknown}
 g - 3 scrolls of identify {unknown}
 h - a scroll of acquirement {unknown}
 j - a scroll of teleportation {unknown}
 k - a scroll of vulnerability {unknown}
 l - a scroll of fog {unknown}
 o - a scroll of blinking {unknown}
Potions
 d - a potion of ambrosia {unknown}
 e - 2 potions of lignification {unknown}
 f - 2 potions of mutation {unknown}
 n - a potion of degeneration {unknown}
 p - a potion of brilliance {unknown}


   Skills:
 * Level 3.2 Fighting
 + Level 1.7 Armour
 - Level 1.7 Dodging
 - Level 1.7 Stealth
 + Level 2.9 Spellcasting
 * Level 2.0 Conjurations
 - Level 1.0 Transmutations
 + Level 3.4 Earth Magic


You had 3 spell levels left.
You knew the following spells:

 Your Spells              Type           Power      Damage    Failure   Level
a - Sandblast             Erth           28%        2d8       4%          1
b - Passwall              Tmut/Erth      8%         N/A       10%         2
c - Stone Arrow           Conj/Erth      24%        3d8       16%         3

Your spell library contained the following spells:

 Spells                   Type           Power      Damage    Failure   Level
 Gell's Gravitas          Tloc           2%         N/A       45%         3
 Ozocubu's Armour         Ice            2%         N/A       45%         3
 Teleport Other           Tloc           2%         N/A       45%         3
 Petrify                  Tmut/Erth      10%        N/A       54%         4
 Iskenderun's Battlesphe  Conj           9%         2d6       89%         5
 Fireball                 Conj/Fire      3%         3d4       97%         5
 Metabolic Englaciation   Hex/Ice        1%         N/A       99%         5
 Conjure Ball Lightning   Conj/Air       3%         3x3d6     100%        6
 Dispersal                Tloc           1%         N/A       100%        6
 Simulacrum               Ice/Necr       1%         N/A       100%        6
 Orb of Destruction       Conj           4%         9d5       100%        7


Dungeon Overview and Level Annotations

Branches:
Dungeon (4/15)
 Temple: D:4-7

Altars:

Annotations:
D:4 Robin


Innate Abilities, Weirdness & Mutations

You have hooves in place of feet.


Message History

Confirm with . or Enter, or press ? or * to list all spells.
Aiming: Sandblast (safe; 4% risk of failure)
Press: ? - help, Shift-Dir - straight line, f/p - iguana
Aim: an iguana (heavily wounded, 82% to hit)
The blast of sand hits the iguana but does no damage.
The iguana is heavily wounded.
The iguana completely misses you.
Unknown command.
Casting: Sandblast (safe; 4% risk of failure)
Confirm with . or Enter, or press ? or * to list all spells.
Aiming: Sandblast (safe; 4% risk of failure)
Press: ? - help, Shift-Dir - straight line, f/p - iguana
Aim: an iguana (heavily wounded, 82% to hit)
The blast of sand hits the iguana but does no damage.
The iguana is heavily wounded.
The iguana barely misses you.
Unknown command.
Casting: Sandblast (safe; 4% risk of failure)
Confirm with . or Enter, or press ? or * to list all spells.
Aiming: Sandblast (safe; 4% risk of failure)
Press: ? - help, Shift-Dir - straight line, f/p - iguana
Aim: an iguana (heavily wounded, 82% to hit)
The blast of sand hits the iguana.
The iguana is heavily wounded.
The iguana closely misses you.
Your magical contamination has completely faded away.
Unknown command.
Unknown command.
You barely miss the iguana. Your kick misses the iguana.
The iguana is heavily wounded.
The iguana bites you!
* * * LOW HITPOINT WARNING * * *
You barely miss the iguana.
The iguana is heavily wounded.
The iguana bites you.
* * * LOW HITPOINT WARNING * * *
You hit the iguana but do no damage. You kick the iguana.
The iguana is almost dead.
The iguana bites you!
You die...

######## #......#
#......#
...###########......#
............l.......####
##########.@.#..........
#..###..........
#..$..###.........##
#.#######....#####..
.....#..#####.#
..............#
###..##.#.....#
####...##...###.#
...........##


You could see an iguana.

Vanquished Creatures
  A water moccasin skeleton (D:4)
  Jessica (D:2)
  Natasha (thrice) (D:2)
  2 adders
  An adder skeleton (D:4)
  A worm (D:2)
  3 dart slugs
  An orc (D:3)
  4 endoplasms
  2 giant cockroaches
  9 goblins
  6 hobgoblins
  8 jackals (D:1)
  5 kobolds
  A quokka (D:1)
  7 ball pythons
  4 bats
  2 frilled lizards
  4 rats
65 creatures vanquished.

Vanquished Creatures (others)
  5 demonic plants (D:2)
  2 fungi (D:2)
  7 toadstools (D:1)
  3 withered plants (D:2)
17 creatures vanquished.

Grand Total: 82 creatures vanquished

Notes
Turn   | Place    | Note
-------+----------+-------------------------------------------
     0 | D:1      | protoss039 the Demonspawn Earth Elementalist began the
                  | quest for the Orb.
     0 | D:1      | Reached XP level 1. HP: 13/13 MP: 3/3
   211 | D:1      | Reached skill level 1 in Transmutations
   738 | D:1      | Gained mutation: You have large cloven feet. [demonic
                  | ancestry]
   738 | D:1      | Reached XP level 2. HP: 12/20 MP: 5/5
   750 | D:1      | Reached skill level 1 in Fighting
  1650 | D:2      | Learned a level 2 spell: Passwall
  1666 | D:2      | Found a faded altar of an unknown god.
  2028 | D:2      | Gained mutation: You have hoof-like feet. [demonic
                  | ancestry]
  2028 | D:2      | Reached XP level 3. HP: 20/26 MP: 2/6
  2345 | D:2      | Noticed Jessica
  2351 | D:2      | Killed Jessica
  2352 | D:2      | Reached skill level 1 in Armour
  2525 | D:2      | Learned a level 3 spell: Stone Arrow
  2596 | D:2      | Noticed Natasha
  2601 | D:2      | Killed Natasha
  2602 | D:2      | Gained mutation: You have hooves in place of feet. [demonic
                  | ancestry]
  2602 | D:2      | Reached XP level 4. HP: 33/33 MP: 3/7
  3003 | D:2      | Noticed Natasha
  3013 | D:2      | Killed Natasha
  3014 | D:2      | Reached skill level 1 in Conjurations
  3250 | D:2      | Noticed Natasha
  3257 | D:2      | Killed Natasha
  3258 | D:2      | Reached XP level 5. HP: 33/39 MP: 5/9
  4326 | D:4      | Noticed Robin
  4545 | D:4      | HP: 2/41 [iguana (2)]
  4546 | D:4      | Mangled by an iguana

Illustrated notes

Levels and vault maps discovered:
D:1:      nagdon_arrival_double_spiral, layout_loops_ring,
          nicolae_figureground_pulse
D:2:      minmay_diamond_boxcup, layout_basic, shapermc_ecumenical_altar_gd,
          minivault_27, uniq_jessica, uniq_natasha
D:3:      layout_loops_cross, minmay_misc_feat_ornament
D:4:      layout_rooms, serial_shops, kennysheep_mini_moat, uniq_menkaure,
          uniq_robin

Skill      XL: |  1  2  3  4  5 |
---------------+----------------+-----
Transmutations | 1 |  1.0
Fighting       | 1 2 3 |  3.2
Earth Magic    | 3 |  3.4
Armour         | 1 |  1.7
Conjurations   | 1 2 |  2.0
Dodging        | |  1.7
Stealth        | |  1.7
Spellcasting   | |  2.9

Action                   |  1- 3 |  4- 6 || total
-------------------------+-------+-------++-------
Melee: Short sword       |    71 |    12 ||    83
       Unarmed           |     2 |       ||     2
       Kick              |    17 |    15 ||    32
       Dagger            |       |    61 ||    61
 Cast: Sandblast         |    27 |    16 ||    43
 Stab: Sleeping          |     1 |     4 ||     5
Armor: Robe              |    25 |    22 ||    47
Dodge: Dodged            |    63 |    55 ||   118
